 Dungeon Crawl Stone Soup version 0.25.1-8-g42b30a86e7 (webtiles) character file.

Game seed: 2153587254387869715

98 hawla the Conjurer (level 4, 0/25 HPs)
             Began as a Deep Elf Conjurer on Dec 17, 2020.
             Slain by Natasha (9 damage)
             ... on level 2 of the Dungeon.
             The game lasted 00:05:57 (1612 turns).

hawla the Conjurer (Deep Elf Conjurer)              Turns: 1612, Time: 00:05:58

Health: 0/25       AC:  3    Str:  5    XL:     4   Next: 44%
Magic:  2/10       EV: 14    Int: 21    God:
Gold:   92         SH:  0    Dex: 15    Spells: 2/9 levels left

rFire    . . .     SeeInvis .   (no weapon)
rCold    . . .     Gourm    .   (no shield)
rNeg     . . .     Faith    .   a - +0 robe
rPois    .         Spirit   .   (no helmet)
rElec    .         Reflect  .   (no cloak)
rCorr    .         Harm     .   (no gloves)
MR       .....                  b - +0 pair of boots
Stlth    +++.......             (no amulet)
HPRegen  0.08/turn              (no ring)
MPRegen  0.12/turn              (no ring)

@: very slightly contaminated
A: no striking features
a: no special abilities


You were on level 2 of the Dungeon.
You were near starving.

You visited 1 branch of the dungeon, and saw 2 of its levels.

You collected 92 gold pieces.

Inventory:

Armour
 a - a +0 robe (worn)
 b - a +0 pair of boots (worn)
Jewellery
 i - an uncursed ring of flight
Scrolls
 e - a scroll of enchant weapon {unknown}
 f - a scroll of blinking
 h - a scroll of teleportation {unknown}
 j - a scroll of noise {unknown}
Potions
 d - 2 potions of flight
 g - 2 potions of curing
Comestibles
 c - 4 rations


   Skills:
 - Level 1.4 Fighting
 - Level 1.0 Throwing
 + Level 3.7 Dodging
 + Level 3.8 Stealth
 - Level 3.0 Spellcasting
 + Level 4.5 Conjurations
 + Level 0.5 Translocations


You had 2 spell levels left.
You knew the following spells:

 Your Spells              Type           Power        Failure   Level  Hunger
a - Magic Dart            Conj           ###.         1%          1    None
b - Searing Ray           Conj           ###...       3%          2    ##.....
c - Iskenderun's Mystic   Conj/Tloc      ##......     43%         4    ####...

Your spell library contained the following spells:

 Spells                   Type           Power        Failure   Level  Hunger
 Dazzling Flash           Conj/Hex       ##....       16%         3    ###....
 Fulminant Prism          Conj/Hex       ##........   45%         4    ####...


Dungeon Overview and Level Annotations

Branches:
Dungeon (2/15)

Altars:

Annotations:
D:2 Natasha


Message History

Natasha barely misses you.
The crimson imp hits you but does no damage.
You cannot blink because you are locked down by a dimension anchor.
The crimson imp barely misses you. The crimson imp barely misses you.
Natasha closely misses you.
Natasha drinks a potion.
Natasha flickers and vanishes!
Deactivating autopickup; reactivate with Ctrl-A.
The crimson imp shouts, "Run away, thou simpering tip-merry varlet!"
The crimson imp blinks!
You cannot blink because you are locked down by a dimension anchor.
A crimson imp is nearby!
A crimson imp is nearby!
A crimson imp is nearby!
You are near starving!
A magic dart appears from out of thin air!
The magic dart hits you.
The crimson imp blinks!
You are no longer firmly anchored in space.
Something claws you!
You die...

#...#.......##.# #....
#####.....#.##.# ###.##.
#...#.#...#.##.###...##.
#..#...#..#.<......####.
#.#.....#.####...)### #.
##.......## ####...# #.
#...(.#### ###.###.
##.......## #.....
#.#....@#.# ##..###
#..#...#..# #..#...
#...#.#...# #......
#####...5.# #.#....
#...#.#...# #.#####
#..#...#..# #. #
#5....#.# .. #
#.......## . #
#....ยง#### #


You could see a white imp (summoned).

Vanquished Creatures
  Jessica (D:2)
  An adder (D:2)
  A gnoll (D:2)
  An ooze (D:1)
  A dart slug (D:1)
  A worm (D:2)
  6 bats
  3 giant cockroaches (D:1)
  10 goblins
  2 hobgoblins (D:1)
  A jackal (D:1)
  A quokka (D:2)
  4 frilled lizards
  9 kobolds
  6 rats
48 creatures vanquished.

Notes
Turn   | Place    | Note
-------+----------+-------------------------------------------
     0 | D:1      | hawla the Deep Elf Conjurer began the quest for the Orb.
     0 | D:1      | Reached XP level 1. HP: 10/10 MP: 6/6
   242 | D:1      | Reached XP level 2. HP: 16/16 MP: 5/8
   246 | D:1      | Learned a level 2 spell: Searing Ray
   393 | D:1      | Reached skill level 1 in Throwing
   597 | D:1      | Reached XP level 3. HP: 20/20 MP: 7/9
   643 | D:1      | Reached skill level 1 in Fighting
  1143 | D:2      | Noticed Jessica
  1146 | D:2      | Killed Jessica
  1146 | D:2      | Reached XP level 4. HP: 24/25 MP: 6/10
  1152 | D:2      | Learned a level 4 spell: Iskenderun's Mystic Blast
  1596 | D:2      | Noticed Natasha
  1612 | D:2      | Slain by Natasha

Illustrated notes

Levels and vault maps discovered:
D:1:      ncdulo_watergridlock, layout_basic, minmay_small_reverse_x
D:2:      minmay_spotlight, layout_rooms, hangedman_decor_diamond_cutter,
          uniq_jessica, uniq_natasha

Skill      XL: |  1  2  3 |
---------------+----------+-----
Throwing       | 1 |  1.0
Dodging        | 3 |  3.7
Stealth        | 3 |  3.8
Fighting       | 1 |  1.4
Spellcasting   | |  3.0
Conjurations   | |  4.5
Translocations | |  0.5

Action                   |  1- 3 |  4- 6 || total
-------------------------+-------+-------++-------
 Cast: Magic Dart        |    57 |     8 ||    65
       Searing Ray       |     2 |     9 ||    11
  Use: Scroll            |     3 |       ||     3
       Potion            |       |     1 ||     1
  Eat: Chunk             |     1 |       ||     1
Armor: Robe              |     2 |     2 ||     4
Dodge: Dodged            |     4 |    17 ||    21
